 Dungeon Sprint DCSS version 0.31-a0-920-g28cbb04a8c (webtiles) character file.

Game seed: 797659320535597299

2639 fingers the Blocker (level 9, -9/100 HPs)
             Began as a Troll Fighter on Oct 17, 2023.
             Mangled by a vault warden
             ... wielding a +3 dire flail of venom
              (32 damage)
             ... in the Dungeon (Sprint V: "Ziggurat Sprint").
             The game lasted 00:02:06 (254 turns).

fingers the Blocker (Troll Fighter)                  Turns: 254, Time: 00:02:06

Health: -9/100     AC: 21    Str: 42    XL:     9   Next: 35%
Magic:  8/8        EV:  1    Int:  4    God:
Gold:   0          SH: 29    Dex:  9    Spells: 8/8 levels left

rFire   + . .        D - +6 shillelagh "Devastator" {shatter}
rCold   + . .        E - +18 shield of the Gong {Loud rN+ Will+ rCorr EV-5}
rNeg    + . .        C - +5 gold dragon scales
rPois   +            (helmet restricted)
rElec   .            (no cloak)
rCorr   +            (gloves unavailable)
SInv    .            (boots unavailable)
Will    +....        H - amulet of the acrobat Stlth
                     A - +6 ring of strength
HPRegen 1.16/turn    B - +6 ring of strength
MPRegen 0.11/turn

%: no teleportation, acrobat
@: no status effects
A: large, unfitting armour, claws 3, regeneration 1, shaggy fur 1, tough skin 1
a: no special abilities


You were in the Dungeon.
You visited 1 branch

Inventory:

Hand Weapons
 a - a +0 flail
 D - the +6 shillelagh "Devastator" (weapon) {shatter}
   (You found it in the Dungeon)
 F - a +5 demon whip
 G - a +5 giant spiked club
Armour
 b - a +0 robe
 c - a +0 kite shield
 C - +5 gold dragon scales (worn)
 E - the +18 shield of the Gong (worn) {Loud rN+ Will+ rCorr EV-5}
   (You found it in the Dungeon)

   Loud:      It is deafeningly noisy when blocking attacks.
   EV-5:      It affects your evasion (-5).
   rN+:       It protects you from negative energy.
   Will+:     It increases your willpower.
   rCorr:     It protects you from acid and corrosion.
Jewellery
 n - the ring "Eduiloog" {Fire rPois Str+3 Stlth-}
   (You found it in the Dungeon)

   [ring of fire]

   Fire:      It enhances your fire magic.
   Str+3:     It affects your strength (+3).
   rF+:       It protects you from fire.
   rC-:       It makes you vulnerable to cold.
   rPois:     It protects you from poison Stlth-: It makes you less stealthy.
 v - a ring of flight
 w - a +6 ring of dexterity
 x - a +6 ring of dexterity
 y - a +6 ring of intelligence
 z - a +6 ring of intelligence
 A - a +6 ring of strength (left claw)
 B - a +6 ring of strength (right claw)
 H - an amulet of the acrobat (around neck)
 I - the ring "Ozuf" {Wiz rC+ Int+6 Dex+3}
   (You found it in the Dungeon)

   [ring of wizardry]

   Wiz:       It improves your spell success rate.
   Int+6:     It affects your intelligence (+6).
   Dex+3:     It affects your dexterity (+3).
   rC+:       It protects you from cold.
 J - a +4 ring of protection
Wands
 s - a wand of mindburst (7)
 t - a wand of iceblast (10)
 u - a wand of acid (7)
Scrolls
 j - 4 scrolls of blinking
 o - 4 scrolls of amnesia
 p - 7 scrolls of fog
 q - 5 scrolls of identify
 r - 2 scrolls of fear
Potions
 d - 5 potions of might
 e - 10 potions of curing
 f - 2 potions of heal wounds
 g - 6 potions of haste
 h - 7 potions of magic
 i - 3 potions of berserk rage
 k - 2 potions of brilliance
 l - 2 potions of invisibility
 m - 4 potions of resistance


   Skills:
 + Level 9.6 Fighting
 + Level 8.4 Maces & Flails
 + Level 5.3 Armour
 + Level 8.4 Dodging
 + Level 11.6 Shields


You had 8 spell levels left.
You didn't know any spells.
Your spell library contained the following spells:

 Spells                   Type           Power      Damage    Failure   Level
 Apportation              Tloc           0%         N/A       100%        1
 Ensorcelled Hibernation  Hex/Ice        0%         N/A       100%        2
 Jinxbite                 Hex            0%         N/A       100%        2
 Ozocubu's Armour         Ice            0%         N/A       100%        3
 Anguish                  Hex/Necr       0%         N/A       100%        4
 Iskenderun's Mystic Bla  Conj/Tloc      0%         2d3       100%        4
 Summon Forest            Summ/Tloc      0%         N/A       100%        5
 Ozocubu's Refrigeration  Ice            0%         4d7       100%        7


Dungeon Overview and Level Annotations

Branches:
Dungeon (1/1)

Altars:
Ashenzari
Cheibriados
Dithmenos
Elyvilon
Fedhas
Gozag
Hepliaklqana
Kikubaaqudgha
Makhleb
Nemelex Xobeh
Okawaru
Qazlal
Ru
Sif Muna
Trog
Uskayaw
Vehumet
Wu Jian
Xom
Yredelemnul
Zin
The Shining One
Jiyva
Lugonu

Annotations:
D 1 transporter


Innate Abilities, Weirdness & Mutations

You are too large for most types of armour.
You have claws for hands.
Your natural rate of healing is unusually fast.
You are covered in fur. (AC +1)
You have tough skin. (AC +1)


Message History

You block the yaktaur captain's attack.
GONNNNG!
You block the vault warden's attack.
GONNNNG!
You hit the vault warden but do no damage.
The vault warden is moderately wounded.
You hear some strange, mumbled words.
The ironbound preserver hits you but does no damage.
The vault warden hits you but does no damage.
You block the vault warden's attack.
GONNNNG!
You block the yaktaur captain's attack.
GONNNNG!
You barely miss the ironbound preserver.
The ironbound preserver is moderately wounded.
You block something's attack.
GONNNNG!
You block the ironbound preserver's attack.
PTOANNNG!
The vault warden completely misses you. You block the yaktaur captain's attack.
BONNNG!
You barely miss the vault warden.
The vault warden is moderately wounded.
Something hits you but does no damage. You block the vault warden's attack.
BOUMMMMG!
You block the ironbound preserver's attack.
BOUMMMMG!
You block the yaktaur captain's attack.
BOUMMMMG!
The vault warden hits you with a +3 dire flail of venom.
You closely miss the vault warden.
The vault warden is moderately wounded.
You block something's attack.
BOUMMMMG!
The ironbound preserver hits you with a +0 dire flail!
The vault warden hits you with a +3 heavy great sword!!
The yaktaur captain hits you!
* * * LOW HITPOINT WARNING * * *
The vault warden hits you with a +3 dire flail of venom!!
You die...

▓..)..▓.....▓..©..▓
▓..©).▓..©..▓▓▓▓▓▓▓
▓▓▓▓▓▓▓▓▓▓▓▓▓▓▓▓▓▓▓
▓..8©8...▓..8©8...▓
▓...)|...▓..:|/...▓
▓........▓../.)...▓
▓........▓...S....▓
▓...))...▓..cpp...▓
▓.▓....▓.▓...@pb..▓
▓...©....▓...©....▓
▓▓▓▓▓▓▓▓▓▓▓▓▓▓▓▓▓▓▓


You could see an ironbound preserver, 2 vault wardens, a yaktaur captain, a bat
(summoned) and a ball python (summoned).

Vanquished Creatures
  2 dancing weapons (D)
  A deep elf zephyrmancer (D)
  A deep elf pyromancer (D)
  A slime creature (D)
  2 golden eyes (D)
  A water moccasin (D)
  A necrophage (D)
  2 wights (D)
  A ball python (D)
  A giant cockroach zombie (D)
13 creatures vanquished.

Notes
Turn   | Place    | Note
-------+----------+-------------------------------------------
     0 | D        | fingers the Troll Fighter began the quest for the Orb.
     0 | D        | Reached XP level 1. HP: 22/22 MP: 0/0
     0 | D        | Found a blossoming altar of Fedhas.
     0 | D        | Found the +6 Majin-Bo {spellvamp, MP+6 Int+6}
     0 | D        | Found the +27 heavy crossbow "Sniper" {heavy, Acc+∞ SInv}
     0 | D        | Found the +10 dark maul {heavy}
     0 | D        | Found the +15 Maxwell's patent armour {-Cast -Tele rElec
                  | Will+ rCorr}
     0 | D        | Found the +18 shield of the Gong {Loud rN+ Will+ rCorr
                  | EV-5}
     0 | D        | Found the +16 obsidian axe {drain, demonic, Mesm Drain Fly
                  | SInv}
     0 | D        | Found the +7 great mace "Firestarter" {flame, immolate,
                  | rFlCloud rF++}
     0 | D        | Found the +6 shillelagh "Devastator" {shatter}
     0 | D        | Found the +11 plutonium sword {Contam Stlth-}
     0 | D        | Found the +8 lance "Wyrmbane" {slay drac, rPois rF+ rC+
                  | AC+3}
     0 | D        | Found the +9 sword of Zonguldrok {reap}
     0 | D        | Found the +13 scythe of Curses {drain, curses, Drain}
     0 | D        | Found the +9 sword of Power {lifebolt}
     0 | D        | Found the +7 mace of Variability {chaos, chaos arc}
     0 | D        | Found the +11 Singing Sword {sonic wave}
     0 | D        | Found the +8 storm bow {elec, penet}
     1 | D        | Found a shimmering blue altar of Sif Muna.
     1 | D        | Found a sacrificial altar of Ru.
     1 | D        | Found a bloodstained altar of Trog.
     1 | D        | Found a stormy altar of Qazlal.
     1 | D        | Found an iron altar of Okawaru.
     1 | D        | Found a sparkling altar of Nemelex Xobeh.
     4 | D        | Found an ancient bone altar of Kikubaaqudgha.
     4 | D        | Found a transporter.
     4 | D        | Found a corrupted altar of Lugonu.
     4 | D        | Found a viscous altar of Jiyva.
     4 | D        | Found a burning altar of Makhleb.
     4 | D        | Found a hazy altar of Hepliaklqana.
     4 | D        | Found an opulent altar of Gozag.
    83 | D        | Reached skill level 4 in Shields
    83 | D        | Reached XP level 2. HP: 31/31 MP: 1/1
    90 | D        | Entered arena 2.
    90 | D        | Noticed a water moccasin
    90 | D        | Found a transporter.
    92 | D        | Killed a water moccasin
    93 | D        | Reached skill level 5 in Fighting
    93 | D        | Reached skill level 5 in Dodging
    93 | D        | Reached skill level 5 in Shields
    93 | D        | Reached XP level 3. HP: 42/42 MP: 2/2
    93 | D        | Reached XP level 4. HP: 50/50 MP: 3/3
   100 | D        | Entered arena 3.
   100 | D        | Noticed a golden eye
   100 | D        | Noticed a golden eye
   100 | D        | Noticed a slime creature
   100 | D        | Found a transporter.
   107 | D        | Killed a golden eye
   108 | D        | Reached skill level 5 in Maces & Flails
   108 | D        | Reached skill level 6 in Shields
   108 | D        | Reached XP level 5. HP: 52/59 MP: 4/4
   109 | D        | Killed a golden eye
   110 | D        | Reached skill level 7 in Shields
   110 | D        | Reached XP level 6. HP: 55/68 MP: 5/5
   116 | D        | Killed a slime creature
   117 | D        | Reached skill level 8 in Shields
   117 | D        | Reached XP level 7. HP: 60/78 MP: 6/6
   138 | D        | Got the ring "Eduiloog" {Fire rPois Str+3 Stlth-}
   149 | D        | Entered arena 4.
   149 | D        | Noticed a +2 heavy mace
   149 | D        | Noticed a deep elf zephyrmancer
   149 | D        | Noticed a deep elf pyromancer
   149 | D        | Noticed a +8 halberd of flaming
   149 | D        | Found a transporter.
   164 | D        | Killed a deep elf zephyrmancer
   165 | D        | Reached skill level 9 in Shields
   165 | D        | Killed a deep elf pyromancer
   166 | D        | Reached skill level 10 in Shields
   166 | D        | Reached XP level 8. HP: 34/89 MP: 7/7
   168 | D        | Killed a +2 heavy mace
   171 | D        | Killed a +8 halberd of flaming
   172 | D        | Reached skill level 5 in Armour
   172 | D        | Reached skill level 11 in Shields
   172 | D        | Reached XP level 9. HP: 45/100 MP: 8/8
   222 | D        | Got Sif Muna's Compendium of Transportation
   224 | D        | Got the ring "Ozuf" {Wiz rC+ Int+6 Dex+3}
   229 | D        | Entered arena 5.
   229 | D        | Found a transporter.
   243 | D        | Entered arena 6.
   243 | D        | Noticed a vault warden
   243 | D        | Noticed an ironbound preserver
   243 | D        | Noticed a yaktaur captain
   243 | D        | Noticed a vault warden
   243 | D        | Found a transporter.
   254 | D        | Mangled by a vault warden

Illustrated notes

Levels and vault maps discovered:
D:        sprint_v [room_start, room_1, room_2, room_3, room_4, room_5, room_6,
          room_7, room_8, room_9, room_10, room_11, room_12, room_13, room_14,
          room_15, room_16, room_17, room_18, room_19, room_20, room_21,
          room_22, room_23, room_24, room_25, room_26, room_27]

Skill      XL: |  1  2  3  4  5  6  7  8 |
---------------+-------------------------+-----
Fighting       | 3 5 6 7 8 9 |  9.6
Maces & Flails | 4 5 7 8 |  8.4
Dodging        | 3 5 6 7 8 |  8.4
Shields        | 4 5 6 7 8 10 11 | 11.6
Armour         | 3 5 |  5.3

Action                     |  1- 3 |  4- 6 |  7- 9 || total
---------------------------+-------+-------+-------++-------
  Melee: Shillelagh        |     1 |     9 |    23 ||    33
    Use: Potion            |     1 |       |     9 ||    10
 Armour: Gold dragon scale |     1 |    10 |    41 ||    52
  Dodge: Dodged            |       |       |     2 ||     2
  Block: Kite shield       |     3 |     3 |    65 ||    71

Table legend: (Time is in decaauts)
 A = Elapsed time spent in this place.
 B = Non-inter-level travel time spent in this place.
 C = Inter-level travel time spent in this place.
 D = Time resting spent in this place.
 E = Time spent auto-exploring this place.
 F = Levels seen in this place.
 G = Mean time per level.
                   A        B        C        D        E       F      G
               +--------+--------+--------+--------+--------+-----+--------+
         Total |    253 |    253 |      0 |      0 |     68 |   1 |  253.0 |
       Dungeon |    253 |    253 |      0 |      0 |     68 |   1 |  253.0 |
               +--------+--------+--------+--------+--------+-----+--------+

Top non-repeatable levels by time:
       D: 253 daAuts
